Map: 포트 알렉산더 - 래더

Players

aLive

  • Race: Terran Terran
  • League: Grandmaster
  • Spawn Location: 11:00

TYTY (TY) - Winner!

  • Race: Terran Terran
  • League: Master
  • Spawn Location: 5:00

Event: IEM Season 13 - Katowice Server Qualifiers Asia 2

VOD

Have the link to the VOD?

Description

Time

  • Played on: Jan. 22, 2019, 4:54 a.m.
  • Length: 13:36

All games in this series

Show
View Real Time Build Order
Export as new Build Order

aLive Terran 

Build Orders: Liberator Opening 

Get SALT Encoding   

  12  0:00  SCV  
  13  0:12  SCV  
  14  0:18  Supply Depot  
  14  0:24  SCV  
  15  0:29  Refinery  
  15  0:39  SCV  
  16  0:45  Barracks  
  16  0:51  SCV  
  16  0:56  Refinery  
  17  1:04  SCV  
  18  1:16  SCV  
  19  1:32  Orbital Command  
  19  1:34  Factory  
  19  1:36  Reaper  
  20  1:45  Supply Depot  
  20  1:57  SCV  
  21  2:09  Reaper, SCV  
  23  2:18  Hellion  
  23  2:21  SCV  
  26  2:29  Command Center  
  26  2:33  SCV  
  27  2:42  Hellion  
  29  2:45  SCV  
  29  2:47  Barracks Reactor  
  29  2:50  Supply Depot  
  30  2:58  SCV  
  31  3:07  Starport  
  31  3:12  SCV  
  32  3:17  Factory Tech Lab  
  32  3:24  SCV  
  32  3:28  Liberator  
  29  3:34  Marine x2  
  31  3:41  SCV  
  31  3:43  Orbital Command  
  31  3:45  Cyclone  
  38  3:53  SCV  
  38  3:54  Marine x2, Refinery  
  41  4:05  SCV  
  41  4:09  SCV  
  43  4:12  Marine x2  
  45  4:18  SCV  
  45  4:19  Siege Tank  
  45  4:21  SCV  
  50  4:28  Supply Depot  
  50  4:30  SCV  
  51  4:33  SCV  
  51  4:36  Starport Tech Lab  
  51  4:38  Marine x2  
  51  4:44  Command Center  
  53  4:48  SCV  
  53  4:49  Supply Depot  
  53  4:50  SCV  
  55  4:55  Raven  
  55  4:59  Siege Tank  
  60  5:00  SCV  
  60  5:02  SCV  
  62  5:13  SCV  
  63  5:14  SCV  
  63  5:16  Marine x2  
  63  5:17  Supply Depot  
  63  5:25  SCV  
  63  5:26  SCV  
  65  5:36  Barracks  
  65  5:37  Barracks, Engineering Bay  
  65  5:38  SCV x2  
  65  5:39  Engineering Bay  
  67  5:44  Refinery  
  67  5:47  Stimpack  
  67  5:48  Siege Tank  
  70  5:50  SCV x2  
  70  5:56  Marine  
  73  5:57  Viking x2  
  77  6:04  Orbital Command  
  77  6:09  Terran Infantry Armor Level 1, Terran Infantry Weapons Level 1  
  77  6:25  Barracks Reactor x2  
  77  6:28  Barracks x2  
  77  6:31  Viking x2  
  83  6:37  Marine  
  81  6:43  Siege Tank  
  81  6:44  Supply Depot  
  81  6:45  Supply Depot  
  83  7:01  SCV x3  
  83  7:04  Marine x5  
  83  7:06  Medivac x2  
  94  7:12  Supply Depot  
  94  7:14  Supply Depot  
  94  7:26  Barracks Reactor x2  
  94  7:27  Marine x4  
  94  7:28  Marine  
  98  7:40  Orbital Command  
  98  7:45  Siege Tank, Medivac x2  
  98  7:50  SCV x2  
  104  7:59  Marine x5  
  104  8:00  Combat Shield  
  104  8:02  SCV  
  104  8:03  Supply Depot  
  104  8:04  Supply Depot  
  110  8:06  SCV x2  
  110  8:07  Armory  
  110  8:10  Marine  
  110  8:11  Marine x3  
  116  8:14  SCV  
  116  8:17  Marine  
  117  8:20  Marine x4  
  117  8:21  Orbital Command  
  114  8:28  Marine  
  114  8:29  Marine x3  
  102  8:34  Marine  
  102  8:37  Marine  
  104  8:42  Medivac x2  
  106  8:48  Marine  
  106  8:49  Marine x6  
  106  8:51  Siege Tank  
  113  9:07  Marine  
  113  9:08  Marine x8  
  112  9:21  Medivac x2  
  116  9:25  Marine  
  116  9:29  Armory  
  116  9:30  Orbital Command  
  116  9:31  Siege Tank  
  120  9:40  SCV x2  
  120  9:44  Supply Depot x2  
  122  9:52  SCV x2  
  124  9:54  Refinery  
  124  9:56  Refinery  
  124  10:01  Marine  
  124  10:02  Marine x7  
  124  10:03  Marine  
  133  10:07  Siege Tank  
  132  10:19  Marine x3  
  115  10:24  Marine  
  115  10:25  Marine x5  
  114  10:31  Terran Infantry Weapons Level 2  
  113  10:37  Marine x2, SCV x3  
  112  10:47  Siege Tank  
  115  10:51  Marine x7  
  122  11:01  Medivac  
  122  11:02  Medivac  
  122  11:03  SCV x3  
  129  11:06  Supply Depot  
  129  11:07  Supply Depot  
  129  11:10  Marine x6  
  129  11:11  Marine x3  
  132  11:28  Marine x9, Siege Tank  
  141  11:35  Supply Depot  
  141  11:36  Terran Vehicle Weapons Level 1, Supply Depot  
  141  11:37  Factory  
  137  11:47  Marine x9  
  146  11:57  Medivac x2  
  146  12:01  SCV x2  
  146  12:02  SCV  
  145  12:15  Marine x9, Siege Tank  
  115  12:20  Factory Tech Lab  
  118  12:33  Marine x9  
  118  12:34  Medivac x2  
  125  12:51  Marine  
  124  13:09  Marine x8  
Show
View Real Time Build Order
Export as new Build Order

TYTY Terran - Winner!

Build Orders:  

Get SALT Encoding   

  12  0:00  SCV  
  13  0:13  SCV  
  14  0:19  Supply Depot  
  14  0:25  SCV  
  15  0:28  Refinery  
  15  0:41  SCV  
  16  0:45  Barracks  
  16  0:53  SCV  
  17  1:05  SCV  
  18  1:17  SCV  
  20  1:34  Reaper, Orbital Command  
  20  1:47  Command Center  
  20  1:59  Factory  
  20  2:02  SCV  
  20  2:06  Barracks Reactor  
  21  2:14  Supply Depot  
  21  2:15  SCV  
  22  2:20  Refinery  
  22  2:27  SCV  
  23  2:39  SCV  
  24  2:51  Hellion  
  26  2:52  SCV, Hellion  
  26  2:56  Marine  
  29  3:02  Starport  
  29  3:05  SCV  
  29  3:12  Hellion  
  30  3:13  Hellion  
  32  3:21  Orbital Command  
  30  3:28  SCV  
  31  3:38  Starport Tech Lab  
  33  3:43  SCV  
  33  3:47  SCV  
  33  3:49  Marine, Factory Tech Lab  
  33  3:50  Marine  
  33  3:55  SCV  
  36  3:56  Raven  
  36  3:59  SCV  
  39  4:02  Supply Depot  
  39  4:07  Marine, SCV  
  42  4:13  Marine, Siege Tank  
  42  4:16  SCV  
  46  4:20  Supply Depot  
  46  4:24  SCV  
  46  4:31  SCV  
  49  4:37  SCV  
  49  4:40  Engineering Bay  
  49  4:43  Barracks, SCV  
  49  4:45  Refinery  
  50  4:48  Barracks  
  50  4:49  SCV, Stimpack  
  50  4:50  Starport Reactor  
  50  4:52  Marine  
  52  4:55  SCV  
  53  5:01  Siege Tank  
  53  5:02  SCV  
  57  5:07  SCV  
  57  5:14  SCV  
  58  5:22  SCV  
  58  5:24  Terran Infantry Weapons Level 1  
  58  5:26  Supply Depot  
  58  5:27  SCV  
  60  5:34  Starport Reactor, SCV  
  61  5:35  Supply Depot  
  61  5:39  SCV  
  62  5:48  Marine x5, SCV, Siege Tank  
  69  5:54  Supply Depot  
  69  5:57  SCV  
  69  6:01  SCV  
  71  6:05  Marine x3  
  71  6:09  SCV  
  73  6:11  Medivac x2  
  73  6:12  Marine  
  73  6:15  Marine  
  73  6:16  Supply Depot x2  
  79  6:23  Marine  
  79  6:25  Command Center  
  78  6:27  Marine  
  78  6:28  Marine  
  83  6:34  SCV  
  83  6:36  Marine x2  
  83  6:39  SCV  
  87  6:42  Refinery  
  87  6:46  SCV  
  85  6:48  Medivac x2  
  85  6:49  Marine x3, Combat Shield  
  91  6:54  SCV  
  91  6:58  Marine x2  
  94  7:06  Marine x2  
  94  7:07  Marine  
  96  7:09  SCV  
  96  7:13  Barracks, Siege Tank  
  101  7:15  Barracks  
  101  7:18  Marine, Supply Depot  
  101  7:19  Marine  
  102  7:30  Marine  
  102  7:35  SCV  
  102  7:36  SCV  
  101  7:39  Medivac x2  
  101  7:40  Marine  
  101  7:41  Marine x3  
  109  7:45  Terran Infantry Armor Level 1  
  109  7:47  SCV  
  109  7:49  SCV, Siege Tank  
  113  7:51  Orbital Command  
  113  7:59  SCV  
  113  8:00  Marine  
  113  8:01  Marine, SCV  
  113  8:02  Barracks Reactor  
  117  8:09  Medivac x2  
  117  8:12  SCV  
  122  8:19  SCV x2  
  118  8:27  Marine  
  118  8:28  Marine x3  
  118  8:32  Marine  
  110  8:38  Barracks Reactor  
  110  8:39  Marine x2, Medivac x2  
  110  8:40  SCV x2  
  115  8:44  Armory  
  115  8:45  Marine x3, Engineering Bay  
  115  8:47  Marine  
  115  8:48  SCV  
  120  8:50  Marine  
  120  8:52  SCV  
  114  8:56  Marine x2  
  114  8:58  Supply Depot  
  111  9:03  Marine x3  
  111  9:04  Marine  
  111  9:07  Marine  
  113  9:13  Viking  
  113  9:14  Marine x2, Viking  
  118  9:21  Marine x5  
  118  9:23  SCV x2  
  126  9:35  Terran Infantry Weapons Level 2  
  126  9:36  SCV, Sensor Tower  
  126  9:37  Supply Depot  
  126  9:38  SCV  
  128  9:44  Viking  
  130  9:47  SCV  
  130  9:48  SCV  
  131  9:59  Marine x4  
  137  10:02  Viking  
  137  10:05  Siege Tank  
  137  10:06  Refinery  
  140  10:07  Marine, Refinery  
  140  10:08  Supply Depot  
  140  10:12  Marine  
  139  10:16  Marine x4  
  139  10:21  Liberator  
  131  10:27  SCV  
  131  10:28  SCV x2  
  132  10:32  Marine x4  
  128  10:40  SCV x2  
  128  10:41  SCV  
  136  10:44  Marine x3  
  136  10:48  Terran Infantry Armor Level 2  
  136  10:50  Missile Turret  
  136  10:52  SCV x2  
  136  10:53  SCV  
  139  11:00  Marine x5  
  139  11:03  Supply Depot x2  
  139  11:04  SCV x2  
  146  11:08  Siege Tank  
  149  11:14  SCV  
  149  11:15  Marine, Liberator  
  148  11:19  Marine  
  148  11:22  Supply Depot  
  148  11:24  Marine  
  150  11:31  Marine x3  
  155  11:40  Supply Depot  
  155  11:43  Marine  
  155  11:44  Marine x2  
  155  11:45  Marine  
  156  11:49  Supply Depot  
  155  12:02  Marine  
  155  12:03  Marine x2  
  155  12:04  Marine  
  155  12:05  SCV x2  
  153  12:13  Medivac  
  150  12:17  Marine  
  150  12:19  Marine  
  150  12:20  Medivac  
  150  12:22  Supply Depot  
  145  12:28  Siege Tank  
  148  12:36  Marine x2  
  150  12:41  Marine x2  
  150  12:43  Medivac  
  152  12:44  Marine x2  
  152  12:45  Marine  
  143  13:00  Marine x3, Siege Tank  
  143  13:01  Marine x2  
  143  13:03  Marine  
  143  13:14  Marine x2  
  143  13:15  Marine  

Tags
 
Add a new tag
Caveats
  • Supply blocks, unpowered buildings, or Contaminate may cause inaccurate times.
  • Supply counts are checked every 10 seconds.